AoeStats
← HAMADY

Arena

507256611Analyzed
4v4 RM · 15d ago on Sep 17, 2026· 41m 46s· 8 players
Game mode
Random Map
Map size
Large (8 player)
Population
200
Speed
Normal
Resources
Standard
Victory
Conquest
Starting age
Dark Age
Ending age
Imperial Age
RankedLock teamsTeams togetherTeam positionsShared explorationLock speedFull tech treeHidden civsTurbo modeCheats
Victory
Defeat
🇨🇳 Japanese · China
1326
+14
🇯🇵 Britons · Japan
1324
+15
🇹🇼 Romans · Taiwan
1291
+16
🇳🇵 Cumans · Nepal
1236
+18
🇹🇷 Mongols · Türkiye
1320
-17
🇮🇪 Dravidians · Ireland
1317
-17
🇺🇸 Vietnamese · United States
1280
-15
🇦🇺 Persians · Australia
1241
-14
popo770723
10:47 Feudal Age
15:00 Castle Age
13:06 Horse Collar
13:53 Double-Bit Axe
15:48 Heavy Plow
15:59 Bow Saw
20:40 Gold Mining
21:49 Wheelbarrow
21:32 Stone Mining
22:22 Gold Shaft Mining
24:49 Loom
28:01 Imperial Age
25:17 Man-at-Arms
25:58 Squires
26:16 Forging
26:06 Scale Mail Armor
28:00 Hand Cart
27:33 Town Watch
28:24 Iron Casting
28:04 Chain Mail Armor
27:14 Long Swordsman
28:44 Heavy Scorpion
30:32 Conscription
30:20 Ballistas
30:36 Town Patrol
31:39 Chemistry
31:04 Ballistics
30:28 Legionary
33:04 Pikeman
33:46 Halberdier
37:41 Comitatenses
41:53 Siege Engineers
HAMADY
10:21 Feudal Age
15:27 Castle Age
14:55 Fletching
16:28 Bodkin Arrow
16:22 Crossbowman
20:02 Double-Bit Axe
21:05 Loom
21:45 Town Watch
23:13 Wheelbarrow
25:27 Padded Archer Armor
27:12 Ballistics
28:42 Bow Saw
31:28 Hand Cart
30:57 Horse Collar
32:23 Heavy Plow
37:27 Imperial Age
36:32 Yeomen
38:21 Bracer
39:23 Chemistry
38:17 Arbalester
39:16 Leather Archer Armor
39:17 Elite Longbowman
40:26 Fortified Wall
40:10 Guard Tower
40:06 Arrowslits
41:38 Conscription
shadow
11:53 Feudal Age
13:15 Double-Bit Axe
15:43 Castle Age
13:42 Horse Collar
16:34 Bow Saw
21:55 Stone Mining
22:23 Treadmill Crane
24:09 Loom
25:34 Wheelbarrow
29:35 Imperial Age
27:08 Guard Tower
27:31 Fletching
28:09 Bodkin Arrow
28:49 Town Watch
29:20 Masonry
29:26 Gold Mining
30:47 Conscription
31:35 Chemistry
31:13 Pikeman
31:54 Squires
32:42 Hand Cart
32:31 Scale Mail Armor
33:46 Kataparuto
35:38 Scale Mail Armor
36:41 Two-Man Saw
35:06 Halberdier
37:30 Chain Mail Armor
38:45 Forging
41:00 Plate Mail Armor
41:06 Iron Casting
42:05 Bracer
GemGem27
9:11 Feudal Age
10:46 Horse Collar
10:53 Double-Bit Axe
14:11 Wheelbarrow
21:00 Castle Age
19:40 Scale Barding Armor
19:49 Gold Mining
19:50 Stone Mining
21:36 Forging
21:34 Loom
21:34 Town Watch
22:40 Hand Cart
23:52 Bow Saw
27:33 Imperial Age
25:20 Heavy Plow
27:17 Chain Barding Armor
27:33 Iron Casting
27:27 Bloodlines
26:51 Light Cavalry
27:15 Capped Ram
28:21 Cavalier
30:48 Gold Shaft Mining
31:55 Paladin
33:44 Plate Barding Armor
33:46 Hussar
37:04 Blast Furnace
35:33 Siege Ram
37:07 Fletching
38:59 Bodkin Arrow
Chiggen Tendiezzz
11:07 Feudal Age
15:55 Castle Age
14:10 Double-Bit Axe
14:49 Horse Collar
15:00 Gold Mining
15:45 Stone Mining
17:21 Bow Saw
21:59 Loom
23:54 Fletching
24:01 Town Watch
24:56 Bodkin Arrow
25:26 Padded Archer Armor
27:17 Wheelbarrow
28:12 Leather Archer Armor
27:49 Heated Shot
28:20 Ballistics
30:35 Hand Cart
32:14 Treadmill Crane
38:10 Imperial Age
41:14 Imperial Age
帝国大仲马
10:56 Feudal Age
12:31 Loom
15:15 Castle Age
13:15 Double-Bit Axe
14:22 Horse Collar
21:58 Heavy Plow
23:07 Gold Mining
23:08 Stone Mining
25:52 Bow Saw
27:05 Stone Shaft Mining
27:07 Gold Shaft Mining
27:45 Wheelbarrow
30:25 Imperial Age
28:28 Bloodlines
28:12 Town Watch
28:54 Husbandry
30:15 Hand Cart
30:04 Cavalier
32:11 Two-Man Saw
31:44 Crop Rotation
32:12 Savar
33:14 Town Patrol
37:31 Scale Barding Armor
37:36 Forging
38:44 Hoardings
41:55 Thumb Ring
41:11 Crossbowman
IWUDJA
10:52 Feudal Age
11:58 Double-Bit Axe
14:27 Castle Age
12:50 Horse Collar
15:28 Wheelbarrow
15:47 Bow Saw
15:43 Heavy Plow
22:12 Gold Mining
23:48 Hand Cart
24:19 Stone Mining
24:26 Loom
29:07 Imperial Age
26:23 Town Watch
26:31 Fletching
27:27 Ballistics
27:57 Bodkin Arrow
28:02 Padded Archer Armor
28:04 Husbandry
31:17 Chemistry
30:18 Bracer
30:34 Leather Archer Armor
30:24 Elite Elephant Archer
31:45 Thumb Ring
31:08 Siege Elephant
32:16 Conscription
32:07 Medical Corps
33:54 Ring Archer Armor
33:38 Masonry
34:34 Scale Barding Armor
34:35 Light Cavalry
35:26 Forging
36:25 Scale Mail Armor
35:47 Pikeman
36:27 Squires
37:30 Chain Barding Armor
37:26 Chain Mail Armor
37:46 Iron Casting
36:34 Halberdier
37:01 Arson
37:01 Gambesons
39:44 Plate Mail Armor
40:29 Two-Man Saw
ercument1313
0:31 Loom
11:08 Feudal Age
14:49 Castle Age
13:08 Horse Collar
14:01 Double-Bit Axe
16:02 Bow Saw
21:17 Wheelbarrow
24:34 Loom
27:47 Imperial Age
25:20 Town Watch
25:39 Heavy Plow
26:22 Bloodlines
26:37 Scale Barding Armor
27:04 Husbandry
26:49 Light Cavalry
28:29 Hand Cart
28:54 Chain Barding Armor
28:59 Hussar
30:33 Fletching
31:32 Bodkin Arrow
32:23 Ballistics
32:37 Masonry
33:02 Conscription
33:28 Bracer
34:00 Siege Engineers
34:20 Padded Archer Armor
34:31 Forging
Connection lost

Rejoining the realm…

Still unreachable

The connection could not be restored.

Session expired

The server has moved on; the page needs a fresh start.